Map: 16-Bit LE

Players

Cham - Winner!

  • Race: Zerg Zerg
  • Spawn Location: 1:00

Epic

  • Race: Terran Terran
  • Spawn Location: 7:00

Event: WCS Austin 2018

VOD

Have the link to the VOD?

Description

Time

  • Played on: June 1, 2018, 3:38 p.m.
  • Length: 19:36

All games in this series

Show
View Real Time Build Order
Export as new Build Order

Cham Zerg - Winner!

Build Orders: Hatch First 

Get SALT Encoding   

  12  0:00  Drone  
  13  0:08  Drone  
  14  0:17  Overlord  
  14  0:36  Drone x2  
  14  0:37  Drone  
  17  0:53  Hatchery  
  16  0:57  Drone  
  16  1:01  Drone  
  16  1:03  Extractor  
  17  1:17  Spawning Pool  
  16  1:20  Drone  
  16  1:24  Drone  
  18  1:30  Drone  
  19  1:50  Overlord  
  19  2:04  Metabolic Boost, Queen  
  19  2:05  Queen  
  19  2:06  Zergling x2  
  24  2:11  Zergling x2  
  25  2:22  Drone  
  26  2:32  Spore Crawler  
  26  2:37  Hatchery  
  25  2:44  Drone x4  
  29  2:53  Queen  
  31  2:59  Overlord  
  31  3:02  Drone  
  31  3:04  Drone  
  33  3:10  Overlord  
  33  3:14  Drone x2  
  33  3:19  Drone x3  
  38  3:23  Drone  
  39  3:29  Overlord  
  39  3:36  Drone  
  40  3:43  Drone x2  
  42  3:48  Queen  
  42  3:50  Drone x5  
  49  3:55  Overlord  
  49  4:01  Zergling x2  
  49  4:02  Zergling x2  
  51  4:08  Queen  
  53  4:10  Zergling x4  
  53  4:12  Zergling x2  
  53  4:16  Overlord  
  56  4:17  Drone x3  
  56  4:22  Zergling x2  
  60  4:25  Lair  
  60  4:27  Extractor  
  60  4:28  Overlord  
  60  4:29  Drone  
  60  4:30  Drone  
  61  4:33  Drone  
  61  4:35  Drone x2  
  61  4:36  Drone  
  65  4:42  Drone  
  66  4:49  Drone  
  66  4:51  Baneling Nest  
  65  4:55  Drone x2, Queen  
  65  4:57  Queen  
  70  5:03  Drone x6  
  70  5:06  Drone x2  
  78  5:10  Drone  
  78  5:12  Drone  
  80  5:17  Extractor  
  80  5:18  Extractor x2  
  80  5:19  Drone x3  
  80  5:20  Spore Crawler  
  79  5:23  Drone x2  
  79  5:24  Overlord x3  
  79  5:28  Overlord  
  81  5:38  Overlord  
  81  5:39  Centrifical Hooks  
  81  5:45  Drone x2  
  81  5:48  Drone x2  
  81  5:49  Zergling x2  
  87  5:50  Zergling x4  
  87  5:52  Zergling x2  
  87  5:56  Baneling  
  89  5:57  Baneling x3  
  89  5:58  Baneling x3  
  89  6:01  Hydralisk Den  
  89  6:02  Drone  
  89  6:04  Hatchery  
  89  6:05  Zergling x4  
  89  6:07  Zergling x2  
  89  6:08  Zergling x10  
  89  6:10  Overlord  
  97  6:25  Drone  
  97  6:26  Drone  
  97  6:27  Zergling x4, Evolution Chamber  
  97  6:28  Overlord  
  97  6:29  Zergling x2, Evolution Chamber  
  97  6:31  Grooved Spines  
  99  6:33  Zergling x4  
  99  6:34  Zergling x4  
  99  6:36  Baneling x4  
  99  6:37  Zergling x2  
  104  6:40  Overlord  
  104  6:41  Zergling x2  
  104  6:44  Hydralisk  
  104  6:45  Hydralisk x2  
  111  6:52  Hydralisk x2  
  115  7:02  Hydralisk x3  
  115  7:03  Hydralisk x5  
  131  7:11  Overlord  
  131  7:13  Drone x4  
  135  7:19  Drone x2  
  137  7:28  Zergling x2  
  137  7:29  Zergling x4  
  136  7:32  Zergling x4  
  136  7:33  Drone x3  
  136  7:34  Drone  
  136  7:36  Zergling x6  
  141  7:41  Zerg Ground Armor Level 1, Zerg Melee Weapons Level 1  
  141  7:43  Muscular Augments, Drone x6  
  145  7:51  Hydralisk  
  145  7:52  Hydralisk x2  
  150  7:59  Hydralisk x3  
  150  8:05  Hydralisk  
  158  8:06  Zergling x2  
  158  8:07  Hatchery  
  158  8:09  Zergling x2  
  158  8:10  Baneling  
  159  8:14  Overlord x4  
  159  8:19  Hatchery  
  158  8:20  Zergling x2  
  159  8:33  Overlord x2, Hydralisk x2  
  159  8:34  Hydralisk x2  
  159  8:35  Zergling x4  
  159  8:36  Zergling x4  
  159  8:38  Zergling x2  
  159  8:39  Drone  
  159  8:40  Zergling x2  
  159  8:41  Hatchery, Zergling x2  
  175  8:42  Baneling  
  175  8:48  Zergling x8  
  178  8:49  Overlord x2  
  178  8:53  Baneling x6  
  178  8:54  Zergling x4  
  178  8:55  Zergling x6  
  182  8:56  Overlord, Zergling x2  
  182  9:03  Zergling x4  
  182  9:05  Zergling x10  
  182  9:06  Baneling x2  
  182  9:07  Baneling x2  
  182  9:09  Zergling x2  
  171  9:22  Hydralisk x2  
  171  9:23  Zergling x8  
  171  9:24  Zergling x2  
  164  9:28  Zergling x2  
  162  9:31  Infestation Pit  
  162  9:33  Drone x3  
  162  9:35  Baneling  
  162  9:36  Baneling  
  162  9:37  Spore Crawler, Zergling x2  
  162  9:38  Zergling x2  
  165  9:41  Baneling x7  
  165  9:45  Zergling x8  
  166  9:49  Zergling x4  
  166  9:50  Zergling x6  
  166  9:51  Baneling x2  
  159  9:53  Zergling x4  
  159  9:57  Drone x2  
  163  10:00  Zergling x4  
  163  10:02  Zerg Ground Armor Level 2  
  163  10:03  Zerg Missile Weapons Level 1, Zergling x2  
  163  10:05  Baneling x14  
  163  10:06  Baneling x8, Zergling x2  
  167  10:08  Zergling x6  
  167  10:09  Zergling x4  
  167  10:10  Zergling x2  
  173  10:15  Zergling x2  
  173  10:16  Zergling x4  
  173  10:17  Zergling x2  
  173  10:19  Zergling x8  
  173  10:21  Hive  
  181  10:26  Overlord, Zergling x4  
  183  10:31  Zergling x2  
  183  10:32  Zergling x4  
  186  10:35  Zergling x4  
  186  10:36  Zergling x12  
  186  10:37  Zergling x4  
  186  10:38  Baneling x2  
  186  10:39  Baneling x10  
  186  10:42  Zergling x6  
  198  10:43  Drone x2  
  198  10:48  Zergling x2  
  200  10:55  Overlord  
  200  10:56  Queen  
  198  10:58  Zergling x2  
  183  11:06  Zergling x6  
  183  11:09  Zergling x2  
  183  11:10  Zergling x6  
  175  11:15  Zergling x22  
  175  11:16  Zergling x8  
  186  11:23  Extractor, Drone x3  
  186  11:24  Extractor  
  186  11:25  Drone x2  
  189  11:31  Zergling x2  
  189  11:32  Zergling x12  
  196  11:33  Zergling x2  
  196  11:37  Zergling x2  
  196  11:39  Overlord  
  198  11:46  Hatchery, Zergling x2  
  198  11:52  Zergling x2  
  199  11:57  Zergling x4  
  200  12:02  Baneling  
  200  12:03  Baneling x6  
  200  12:06  Adrenal Glands  
  200  12:07  Overseer  
  200  12:09  Ultralisk Cavern  
  199  12:16  Baneling x5  
  199  12:25  Zergling x16  
  199  12:33  Drone x2  
  199  12:38  Zergling x2  
  160  12:52  Zergling x2  
  160  12:53  Zergling x30  
  160  12:57  Zergling x2  
  160  12:58  Zergling x20  
  162  13:02  Zergling x4  
  162  13:04  Baneling  
  162  13:05  Baneling x3, Zerg Ground Armor Level 3, Zerg Melee Weapons Level 2  
  172  13:09  Chitinous Plating, Zergling x4  
  172  13:12  Baneling  
  174  13:13  Baneling x15  
  174  13:14  Zergling x8  
  174  13:17  Zergling x2  
  174  13:18  Zergling x4  
  181  13:20  Zergling x4  
  181  13:21  Zergling x2  
  181  13:22  Zergling x2  
  181  13:24  Zergling x2  
  186  13:33  Zergling x2  
  186  13:34  Zergling x2  
  188  13:35  Baneling  
  188  13:36  Baneling x6  
  188  13:42  Ultralisk x2  
  200  13:54  Overseer  
  200  13:57  Baneling x4  
  200  13:59  Spine Crawler  
  199  14:08  Extractor  
  199  14:09  Drone x2  
  192  14:27  Drone  
  192  14:28  Spore Crawler, Drone x2  
  192  14:29  Spore Crawler  
  192  14:30  Spine Crawler  
  191  14:38  Zergling x10  
  194  14:42  Baneling  
  194  14:43  Baneling x6  
  197  14:45  Zergling x4  
  197  14:48  Hatchery  
  197  14:54  Zergling x2  
  197  14:55  Zergling x2  
  199  15:02  Zergling x2  
  199  15:06  Ultralisk  
  186  15:22  Ultralisk x2  
  197  15:38  Zergling x6  
  197  15:41  Baneling  
  197  15:42  Baneling x3  
  200  15:49  Zerg Missile Weapons Level 2  
  200  15:50  Zerg Melee Weapons Level 3  
  200  15:52  Spire  
  200  15:53  Spire, Drone x2  
  200  15:58  Burrow  
  199  16:08  Zergling x4  
  199  16:10  Zergling x4  
  196  16:18  Hydralisk x2  
  179  16:19  Zergling x2, Ultralisk  
  179  16:20  Zergling x10, Ultralisk  
  179  16:22  Zergling x2  
  179  16:23  Overlord x2, Zergling x2  
  179  16:24  Overlord x4  
  179  16:25  Overseer  
  195  16:29  Zergling x8  
  190  16:40  Zergling x2  
  190  16:41  Zergling x18  
  190  16:45  Zergling x6  
  190  16:46  Baneling x2  
  196  16:49  Overseer, Zergling x4  
  196  16:51  Baneling x3  
  193  16:55  Baneling x2  
  193  16:56  Zergling x6  
  193  16:57  Zergling x4  
  193  17:00  Overlord x2  
  193  17:01  Overseer  
  194  17:02  Zergling x10  
  194  17:05  Zergling x4  
  194  17:06  Zergling x2  
  194  17:08  Zergling x6  
  183  17:13  Zergling x4  
  183  17:14  Zergling x4  
  176  17:21  Zergling x2  
  176  17:22  Baneling x4, Zergling x8  
  148  17:23  Baneling x2  
  148  17:24  Zergling x4  
  148  17:27  Hydralisk x6  
  159  17:36  Baneling  
  158  17:37  Baneling, Zergling x2  
  158  17:38  Zergling x12  
  163  17:46  Zergling x10  
  163  17:47  Baneling  
  163  17:48  Baneling x7  
  163  17:50  Hydralisk  
  170  17:52  Ultralisk  
  175  17:59  Hydralisk x2  
  175  18:04  Hydralisk x3  
  175  18:05  Zergling x8  
  171  18:06  Hatchery, Hydralisk x2  
  171  18:07  Hydralisk x6  
  171  18:08  Hydralisk x2  
  171  18:09  Zergling x2  
  171  18:12  Ultralisk x2  
  193  18:16  Ultralisk  
  193  18:17  Hydralisk  
  193  18:18  Hydralisk  
  195  18:24  Hatchery  
  199  18:27  Ultralisk  
  199  18:28  Zergling x2  
  200  18:35  Hatchery  
  200  18:38  Baneling x2  
  200  18:39  Baneling x6  
  199  18:42  Zergling x2  
  199  18:43  Hatchery  
  199  18:53  Zergling x2  
  196  18:56  Zergling x6  
  196  18:57  Zergling x2  
  194  19:07  Hydralisk  
  194  19:08  Hydralisk x2  
  194  19:09  Zergling x10  
  198  19:10  Zergling x4  
  181  19:32  Extractor  
Show
View Real Time Build Order
Export as new Build Order

Epic Terran 

Build Orders: Reaper Expand, Bio Tank 

Get SALT Encoding   

  12  0:00  SCV  
  13  0:12  SCV  
  14  0:18  Supply Depot  
  14  0:25  SCV  
  15  0:39  SCV  
  15  0:40  Barracks  
  16  0:45  Refinery  
  16  0:51  SCV  
  17  1:03  SCV  
  18  1:15  SCV  
  19  1:27  Orbital Command, Reaper  
  20  1:42  Command Center  
  20  1:51  Supply Depot  
  20  1:53  SCV  
  21  1:59  Marine  
  22  2:05  SCV  
  23  2:14  Factory  
  23  2:18  SCV  
  23  2:22  Barracks Reactor  
  24  2:30  SCV  
  25  2:41  Command Center  
  25  2:42  SCV  
  26  2:54  Orbital Command, SCV  
  26  2:58  Refinery  
  27  3:06  Hellion  
  27  3:07  Hellion  
  27  3:09  SCV  
  32  3:16  Starport  
  32  3:21  SCV  
  32  3:22  SCV  
  34  3:28  Hellion  
  34  3:29  Hellion  
  34  3:33  SCV  
  39  3:36  SCV  
  40  3:49  SCV x2  
  40  3:52  Cyclone x2  
  40  3:55  Orbital Command  
  48  4:01  SCV x2  
  50  4:04  Viking  
  50  4:07  Barracks Tech Lab  
  52  4:13  Supply Depot, SCV x2  
  54  4:25  SCV x2  
  54  4:26  Stimpack  
  54  4:27  Orbital Command  
  56  4:32  Barracks  
  56  4:35  Factory Reactor  
  56  4:39  SCV x2, Barracks  
  56  4:42  Engineering Bay x2, Marine  
  56  4:43  Starport Reactor  
  59  4:48  Refinery x2  
  59  4:51  SCV x2  
  61  4:55  SCV  
  62  5:00  Marine  
  62  5:03  SCV x2  
  65  5:07  SCV  
  65  5:09  Barracks  
  65  5:10  Barracks  
  65  5:12  Terran Infantry Weapons Level 1  
  66  5:15  SCV x2  
  66  5:17  Terran Infantry Armor Level 1  
  66  5:18  Marine  
  69  5:25  Factory Tech Lab  
  69  5:34  Supply Depot  
  69  5:35  SCV x3, Marine x4  
  76  5:36  Supply Depot  
  76  5:46  Marine  
  77  5:55  Siege Tank, SCV x3, Medivac  
  85  5:58  Barracks Reactor x2, Marine, Medivac  
  85  6:00  Supply Depot  
  85  6:03  Marine x2  
  90  6:06  Marine x2  
  90  6:07  SCV x2  
  93  6:19  Refinery  
  93  6:21  Refinery, SCV x3  
  93  6:23  Armory, Supply Depot  
  93  6:24  Marine  
  93  6:25  Marine x2  
  99  6:30  Combat Shield  
  99  6:33  SCV x2  
  101  6:43  Supply Depot  
  101  6:44  Siege Tank, Supply Depot, SCV  
  101  6:45  SCV  
  106  6:52  SCV  
  106  6:54  Supply Depot  
  107  6:57  SCV x2  
  109  7:04  Marine x8  
  109  7:05  Marine  
  109  7:06  Medivac  
  120  7:09  SCV  
  120  7:11  Factory  
  120  7:12  Supply Depot  
  121  7:16  Terran Infantry Armor Level 2, Terran Infantry Weapons Level 2  
  121  7:21  Supply Depot  
  121  7:22  Marine x2  
  119  7:25  Supply Depot, Marine  
  119  7:26  Siege Tank, Marine  
  119  7:29  Marine x5  
  116  7:37  Supply Depot  
  116  7:38  Medivac x2  
  116  7:40  Marine x2  
  116  7:43  Marine  
  123  7:44  Marine  
  123  7:46  Marine x2  
  123  7:47  Marine x3  
  123  7:51  Supply Depot  
  129  7:56  Factory Tech Lab  
  129  7:58  Siege Tank, Marine x2  
  129  8:01  Marine  
  129  8:02  Marine  
  129  8:04  Marine x3  
  129  8:05  Marine x2  
  141  8:09  Terran Vehicle Weapons Level 1  
  141  8:10  Supply Depot x2  
  141  8:11  Medivac  
  70  8:12  Medivac  
  143  8:16  Marine x2  
  143  8:17  Siege Tank  
  150  8:26  Marine  
  151  8:27  Marine x4  
  151  8:29  Marine x2  
  151  8:30  Siege Tank  
  151  8:34  Marine x2  
  162  8:37  Concussive Shells  
  162  8:38  Supply Depot x2  
  162  8:44  Marine  
  162  8:45  Marine  
  162  8:47  Medivac  
  166  8:48  Medivac  
  166  8:52  Siege Tank, Barracks  
  166  8:53  Barracks  
  171  9:01  Barracks  
  169  9:04  Marine  
  169  9:05  Marauder, Siege Tank  
  164  9:19  Marine  
  164  9:20  Marine x2  
  164  9:23  Medivac x2  
  130  9:26  Marauder  
  130  9:29  Siege Tank  
  127  9:33  Marine x3  
  127  9:34  Marine, Command Center  
  127  9:37  Siege Tank  
  134  9:39  Terran Infantry Weapons Level 3  
  133  9:46  Terran Infantry Armor Level 3  
  133  9:47  Marauder, Marine  
  133  9:49  Marine  
  133  9:50  Barracks Tech Lab x3  
  133  9:51  Marine x4  
  135  9:57  Medivac  
  137  10:05  Siege Tank  
  140  10:10  Marine  
  140  10:11  Marauder x4, Marine  
  150  10:16  Marine x4  
  150  10:17  Marine  
  150  10:18  Marine  
  155  10:21  Medivac  
  155  10:27  Medivac  
  159  10:28  Marine  
  159  10:30  Siege Tank  
  159  10:32  Marauder  
  165  10:36  Marauder, Marine x4  
  165  10:37  Marine x2  
  165  10:40  Marine x2  
  175  10:46  Siege Tank  
  177  10:58  Marauder x3  
  177  10:59  Marauder  
  177  11:01  Liberator x2  
  177  11:02  Siege Tank  
  130  11:19  Planetary Fortress  
  130  11:22  SCV x3  
  130  11:24  Marine  
  130  11:25  Marine x6  
  142  11:26  Marine x2  
  142  11:27  Marine x3  
  145  11:35  Siege Tank  
  145  11:36  Siege Tank  
  151  11:42  Marine  
  151  11:43  Marine x6  
  151  11:45  Marine x2  
  151  11:46  Liberator  
  160  11:57  Liberator  
  160  12:06  Marine x2  
  160  12:07  Siege Tank, Marine x5  
  160  12:08  Siege Tank, Marine x3  
  172  12:27  Marine  
  172  12:28  Marine x2  
  165  12:37  Marauder x3  
  165  12:38  Marauder, Marine x3  
  165  12:39  Siege Tank  
  165  12:40  Siege Tank  
  149  12:57  Medivac  
  149  12:58  Medivac  
  127  12:59  Marauder  
  127  13:00  Marine  
  127  13:01  Marauder x3, Marine x7  
  143  13:10  Ghost Academy  
  143  13:13  Refinery x2  
  143  13:14  Command Center  
  143  13:19  Marine x5  
  147  13:20  Marauder  
  147  13:21  Marine x2  
  147  13:22  Marauder x2  
  147  13:23  Marine x2  
  158  13:32  Medivac x2  
  156  13:42  Ghost  
  156  13:43  Ghost  
  156  13:48  Command Center  
  160  13:51  Ghost x2  
  164  14:00  Siege Tank x2  
  170  14:10  Liberator, Ghost  
  170  14:11  Personal Cloaking  
  170  14:12  Ghost  
  173  14:20  Ghost  
  172  14:26  Marine x4  
  172  14:28  Planetary Fortress  
  179  14:42  Ghost x2  
  173  14:46  Refinery  
  173  14:47  Refinery, Ghost  
  173  14:51  Marine  
  176  14:56  Ghost  
  178  15:10  Marine, Ghost  
  178  15:11  Marauder  
  178  15:13  Marine x2  
  185  15:15  Marine x3  
  185  15:16  Marauder  
  185  15:19  Marine x2  
  179  15:26  Marauder, SCV x4  
  185  15:33  Marauder  
  177  15:42  Ghost x2  
  173  15:43  Marine x5  
  173  15:44  Marine x3  
  173  15:46  Ghost  
  177  15:52  Medivac x2  
  177  15:53  Ghost  
  183  16:01  Marine x6  
  189  16:10  Marine  
  185  16:12  Marauder x2, Marine  
  185  16:15  Marine  
  188  16:19  Marine x6  
  188  16:22  Medivac  
  188  16:23  Marauder  
  198  16:30  Medivac  
  200  16:36  Marauder x2, Marine  
  195  16:42  Marine x4  
  195  16:43  Marine x3  
  195  16:45  Marine  
  195  16:47  Marine  
  196  16:57  Marine x2  
  196  17:00  Marine x4  
  196  17:03  Marine  
  184  17:12  Marauder, Marine  
  184  17:16  Marauder  
  184  17:17  Marine  
  149  17:26  Marine x3  
  152  17:34  Marauder  
  156  17:37  Marauder, Marine x3  
  156  17:38  Marine  
  159  17:50  Marine  
  160  17:55  Marauder  
  163  17:58  Marauder  
  117  18:14  Barracks Tech Lab x3  
  117  18:16  Marauder  
  117  18:19  Planetary Fortress  
  110  18:20  Marauder  
  110  18:22  SCV x3  
  107  18:29  Starport Reactor  
  107  18:32  SCV  
  108  18:34  SCV x2  
  108  18:35  Ghost  
  108  18:37  Ghost  
  108  18:38  Marauder  
  116  18:42  Ghost  
  116  18:46  Ghost  
  116  18:58  Ghost  
  116  19:00  Unknown x2  
  116  19:01  Unknown x3  
  111  19:04  Ghost  
  89  19:15  Marine x3  
Tags
 
Add a new tag
Caveats
  • Supply blocks, unpowered buildings, or Contaminate may cause inaccurate times.
  • Supply counts are checked every 10 seconds.